Map: [TLMC15] Curious Minds

Players

Cure

  • Race: Terran Terran

Scarlett - Winner!

  • Race: Zerg Zerg

Event: DreamHack SC2 Masters 2021 Winter

VOD

Have the link to the VOD?

Description

Time

  • Played on: Nov. 9, 2021, 9:27 a.m.
  • Length: 21:06

All games in this series

Show
View Real Time Build Order
Export as new Build Order

Cure Terran 

Build Orders: Hellion Banshee 

Get SALT Encoding   

  12  0:00  SCV  
  13  0:12  SCV  
  14  0:17  Supply Depot  
  14  0:24  SCV  
  15  0:39  SCV  
  15  0:40  Barracks  
  15  0:42  Refinery  
  16  0:51  SCV  
  17  1:03  SCV  
  18  1:15  SCV  
  19  1:27  Marine, Orbital Command  
  20  1:38  Command Center  
  20  1:45  Marine  
  21  1:50  Supply Depot  
  21  1:54  SCV  
  22  2:04  Factory  
  22  2:08  SCV  
  23  2:15  Refinery  
  23  2:20  SCV  
  24  2:32  SCV  
  24  2:34  Barracks Reactor  
  25  2:44  SCV  
  25  2:48  Hellion  
  25  2:50  Starport  
  28  2:51  Orbital Command  
  28  2:56  SCV  
  29  3:08  SCV  
  30  3:16  Supply Depot, Marine, Hellion  
  30  3:17  Hellion  
  30  3:18  SCV  
  36  3:20  SCV  
  37  3:28  Medivac  
  37  3:31  Armory  
  39  3:34  Marine  
  39  3:38  SCV x2  
  39  3:40  Hellion  
  44  3:42  Supply Depot  
  44  3:50  SCV x2  
  44  3:54  Marine  
  47  3:57  Hellion  
  47  4:02  Hellion, SCV x2  
  53  4:05  Supply Depot, Starport Tech Lab  
  53  4:12  Barracks Tech Lab  
  53  4:17  SCV x2  
  53  4:20  Hellion x4  
  53  4:22  Hellion  
  53  4:23  Hellion  
  59  4:24  Cloaking Field  
  59  4:28  Banshee  
  59  4:29  Supply Depot  
  62  4:37  Supply Depot, SCV x2  
  64  4:42  Stimpack, Marine  
  65  4:56  Factory Reactor  
  65  4:59  SCV, Barracks  
  67  5:00  SCV, Marine  
  67  5:02  Barracks  
  68  5:13  Banshee  
  63  5:15  SCV x2  
  63  5:17  Engineering Bay  
  63  5:18  Engineering Bay, Marine  
  64  5:30  SCV x2  
  60  5:36  Refinery, Marine  
  60  5:37  Refinery  
  60  5:39  Factory Reactor  
  61  5:47  SCV x2  
  61  5:49  Marine x2  
  64  5:52  Barracks  
  64  5:53  Barracks  
  64  5:54  Marine  
  64  5:56  Terran Infantry Weapons Level 1  
  66  6:00  Terran Infantry Armor Level 1  
  66  6:04  SCV x2  
  66  6:08  Marine x4  
  72  6:12  Marine  
  72  6:14  Supply Depot  
  72  6:16  SCV x2  
  75  6:22  Combat Shield  
  75  6:28  SCV  
  75  6:29  SCV  
  75  6:31  Siege Tank  
  75  6:32  Medivac  
  82  6:35  Command Center  
  82  6:36  Medivac  
  82  6:38  Marine x2  
  82  6:39  Marine x2  
  88  6:41  Barracks Reactor x2  
  88  6:42  Marine  
  89  6:55  Supply Depot, SCV x2  
  89  6:57  Supply Depot  
  89  6:58  Supply Depot  
  91  7:01  Marine x3  
  94  7:16  Siege Tank, Marine x3  
  94  7:19  Marine x3  
  94  7:20  Medivac x2  
  102  7:33  Marine x3  
  102  7:34  Marine x3  
  101  7:37  Marine x2  
  101  7:42  Marine  
  103  7:51  Marine  
  101  7:52  Marine x4  
  101  7:58  Marine x3  
  106  8:00  Marine  
  110  8:09  Siege Tank  
  108  8:18  Marine x4  
  108  8:19  Marauder  
  112  8:21  SCV x2  
  112  8:22  Orbital Command  
  114  8:37  Marine x4  
  114  8:40  Marauder  
  120  8:47  Terran Infantry Weapons Level 2, Terran Infantry Armor Level 2  
  117  8:57  Marine x2  
  117  8:58  Marine x2  
  117  9:01  Marauder  
  103  9:14  Marine x4  
  103  9:15  Siege Tank, Marine  
  109  9:17  Supply Depot  
  109  9:18  Supply Depot  
  109  9:19  Orbital Command  
  109  9:22  Marine  
  109  9:23  Marauder  
  110  9:28  SCV x2  
  111  9:31  Concussive Shells  
  111  9:33  Marine x4  
  115  9:42  Medivac  
  115  9:43  Marine x4  
  115  9:44  Marauder  
  120  9:46  SCV  
  120  9:47  SCV x2  
  123  9:59  Missile Turret  
  124  10:00  SCV x3  
  124  10:03  Marine x2  
  124  10:04  Marine x2  
  130  10:10  Barracks Tech Lab  
  130  10:12  SCV x3  
  133  10:20  Supply Depot  
  131  10:24  SCV  
  132  10:29  Marauder  
  132  10:30  Marauder, Siege Tank  
  132  10:32  SCV x2  
  132  10:35  Supply Depot x2  
  141  10:41  SCV, Marine x5  
  141  10:42  Marine  
  148  10:45  Medivac  
  146  10:50  Medivac  
  148  11:07  Marauder x2, Marine x4  
  148  11:10  Siege Tank  
  147  11:17  SCV x3  
  116  11:20  Marine x2  
  116  11:24  Marine x2  
  116  11:25  Medivac x2, Marine x2  
  121  11:28  Marine  
  121  11:29  Marauder  
  124  11:36  SCV  
  124  11:37  SCV x2, Marine x2  
  129  11:42  Marine x3  
  131  11:50  Marine x2  
  131  11:51  Marauder  
  123  11:55  Marine x2  
  123  12:00  Marine  
  118  12:01  Marine x2  
  118  12:08  Marauder, Marine  
  111  12:12  Marauder  
  111  12:13  Marine x2  
  103  12:18  Marine  
  103  12:19  Siege Tank  
  103  12:21  Terran Infantry Weapons Level 3, Terran Infantry Armor Level 3  
  103  12:22  SCV x2  
  107  12:23  SCV  
  110  12:30  Marauder  
  110  12:32  Marine x5  
  110  12:33  Marauder  
  117  12:41  SCV x3  
  120  12:49  Barracks  
  120  12:50  Barracks  
  122  12:51  Marauder  
  122  12:55  Barracks  
  121  13:08  Marauder, Marine x4  
  121  13:09  Siege Tank  
  132  13:13  Marauder  
  132  13:17  SCV x2  
  132  13:32  Marauder, Marine x6  
  132  13:33  Medivac  
  132  13:34  Marauder, Medivac  
  146  13:39  SCV x2, Orbital Command  
  148  13:42  Barracks Tech Lab x3  
  143  13:52  Siege Tank  
  143  13:54  Marauder  
  148  13:56  SCV x2  
  148  13:59  Marauder, Marine x4  
  148  14:02  Marine  
  157  14:10  Supply Depot  
  157  14:11  Supply Depot  
  157  14:15  Marauder  
  159  14:17  Medivac x2  
  159  14:20  Marauder  
  165  14:29  Marine  
  165  14:32  Marauder x2, Marine x3  
  163  14:40  Marine x2  
  163  14:41  Marauder x2, Marine  
  164  14:46  Marine  
  164  14:49  Marine x3  
  168  14:53  Marauder x2  
  168  14:58  Marine  
  168  14:59  Marauder  
  174  15:03  Marine x2  
  174  15:04  Marauder, Marine  
  152  15:07  Marine  
  152  15:11  Refinery  
  152  15:13  Refinery x2  
  151  15:15  Marauder, Marine x2  
  151  15:16  Marauder, Marine  
  151  15:17  Missile Turret  
  151  15:21  Marauder x2, SCV x3, Refinery, Marine  
  163  15:23  Supply Depot, Missile Turret  
  163  15:24  Supply Depot  
  163  15:26  Marauder, Marine x2  
  169  15:33  Marine  
  170  15:36  Marauder  
  172  15:45  Marine x2  
  172  15:46  Marauder x2, Marine x4  
  172  15:48  Marauder  
  161  16:06  Siege Tank  
  152  16:13  Medivac x2  
  152  16:15  Marine x6  
  152  16:16  Marauder x3  
  143  16:37  Marauder x2, Marine x5  
  142  16:43  Siege Tank  
  142  16:46  Medivac x2  
  149  16:54  Marine x2  
  149  16:55  Marauder x2, Marine x2  
  157  17:08  Marine x2  
  157  17:09  Marauder x2, Marine  
  157  17:10  Missile Turret  
  157  17:12  Marine  
  157  17:13  Marauder  
  167  17:16  Medivac x2  
  167  17:18  Siege Tank, Marine  
  167  17:19  Marauder  
  177  17:23  Marine x2  
  177  17:26  Marine  
  177  17:29  Orbital Command  
  158  17:51  Marauder x3, Marine x4  
  154  17:53  Medivac x2  
  154  17:54  Siege Tank  
  150  18:06  Marauder x2, Marine x2  
  150  18:09  Marine x2  
  155  18:13  Marauder  
  155  18:21  Marauder x2, Marine x2  
  155  18:24  Marine x2  
  159  18:27  Marauder x2  
  152  18:50  Marauder x3, Marine x4  
  162  19:01  Command Center  
  162  19:09  Orbital Command  
  162  19:20  Supply Depot x2  
  162  19:21  Supply Depot  
  162  19:23  Missile Turret  
  136  19:39  Marine x4  
  136  19:40  Marauder x2, Marine x3  
  133  19:55  Refinery x2  
  133  19:58  Missile Turret  
  132  20:12  Marine x6  
  127  20:36  Marine x6  
  127  20:46  Marine x3  
Show
View Real Time Build Order
Export as new Build Order

Scarlett Zerg - Winner!

Build Orders: Hatch First 

Get SALT Encoding   

  12  0:00  Drone  
  13  0:12  Overlord  
  13  0:16  Drone  
  14  0:30  Drone x2  
  16  0:46  Hatchery  
  15  0:50  Drone  
  15  0:54  Drone  
  17  0:57  Drone  
  18  1:08  Extractor  
  17  1:12  Spawning Pool  
  17  1:15  Drone  
  17  1:19  Drone  
  18  1:28  Drone  
  19  1:38  Drone  
  20  1:49  Overlord  
  20  1:59  Drone  
  20  2:00  Queen  
  20  2:01  Queen  
  25  2:02  Drone  
  26  2:12  Drone, Overlord  
  26  2:14  Metabolic Boost  
  27  2:21  Drone  
  28  2:31  Drone x2  
  28  2:36  Hatchery  
  29  2:40  Drone  
  29  2:42  Drone  
  31  2:48  Overlord  
  31  2:51  Drone  
  31  2:55  Queen  
  34  3:01  Drone  
  34  3:02  Zergling x2  
  36  3:09  Drone x4  
  40  3:13  Overlord  
  40  3:17  Queen  
  42  3:28  Overlord  
  42  3:31  Queen  
  42  3:32  Overlord  
  44  3:39  Overlord  
  44  3:46  Overlord  
  44  3:47  Drone x5  
  49  3:50  Queen  
  51  3:57  Queen  
  51  3:59  Drone  
  51  4:00  Drone  
  55  4:09  Zergling x12  
  60  4:14  Queen  
  62  4:18  Zergling x6  
  62  4:22  Zergling x6  
  68  4:27  Spore Crawler  
  68  4:28  Spore Crawler  
  66  4:41  Queen, Spore Crawler  
  66  4:42  Drone x5  
  72  4:49  Queen  
  74  5:01  Overlord  
  74  5:10  Drone x5  
  74  5:11  Drone x4  
  80  5:22  Lair  
  80  5:26  Drone x5  
  85  5:33  Extractor  
  85  5:34  Drone x5  
  88  5:39  Evolution Chamber  
  88  5:42  Evolution Chamber  
  86  5:46  Drone, Overlord  
  86  5:47  Drone x3  
  90  5:50  Extractor x2  
  90  5:55  Roach Warren  
  87  6:04  Drone  
  87  6:05  Drone x7  
  87  6:08  Zerg Missile Weapons Level 1, Zerg Ground Armor Level 1  
  95  6:14  Overlord  
  95  6:16  Extractor  
  95  6:18  Extractor  
  93  6:22  Overlord x2  
  93  6:24  Overseer  
  92  6:29  Drone x7  
  98  6:36  Glial Reconstitution  
  98  6:40  Drone x2  
  98  6:41  Drone x2  
  98  6:42  Overlord x2  
  102  6:48  Hatchery  
  100  6:55  Overlord x3  
  100  6:58  Roach x5  
  110  7:06  Roach  
  110  7:07  Roach x4  
  120  7:14  Roach x4  
  128  7:19  Roach  
  128  7:20  Roach x3  
  136  7:27  Roach x5  
  146  7:31  Roach x3  
  146  7:34  Roach x2  
  156  7:40  Overlord  
  156  7:43  Overlord  
  149  7:52  Roach x6  
  149  7:54  Overlord  
  149  7:55  Overlord  
  158  7:58  Overseer  
  158  8:17  Roach x13  
  184  8:25  Ravager x5  
  184  8:26  Ravager x2  
  191  8:31  Roach x4  
  199  8:40  Ravager  
  200  8:43  Spore Crawler  
  200  8:47  Zerg Missile Weapons Level 2  
  199  8:49  Extractor  
  156  9:07  Drone x21  
  154  9:17  Zerg Ground Armor Level 2  
  142  9:20  Infestation Pit, Hydralisk Den  
  136  9:26  Overseer  
  136  9:32  Extractor  
  131  9:48  Drone  
  131  9:49  Roach x15  
  131  9:50  Hatchery  
  161  9:58  Hive  
  161  9:59  Hydralisk x2  
  161  10:01  Lurker Den  
  161  10:03  Roach x5  
  174  10:12  Extractor, Overlord x3  
  173  10:14  Extractor  
  173  10:18  Ravager  
  173  10:36  Roach x5  
  173  10:37  Ravager x4  
  173  10:38  Ravager x3  
  173  10:42  Roach x5  
  200  10:50  Overseer  
  198  10:59  Drone x2  
  174  11:11  Roach x10  
  174  11:12  Roach x5  
  174  11:16  Roach x7  
  174  11:24  Zerg Missile Weapons Level 3  
  151  11:25  Roach x4  
  151  11:26  Roach x3  
  151  11:31  Roach  
  159  11:34  Roach  
  159  11:35  Roach  
  159  11:37  Roach x4  
  171  11:42  Roach x2  
  171  11:43  Ravager  
  171  11:44  Ravager  
  171  11:54  Roach x8  
  165  12:06  Roach x10  
  155  12:11  Roach x4  
  154  12:17  Viper  
  154  12:18  Viper  
  154  12:20  Drone x2  
  154  12:21  Drone  
  163  12:29  Zerg Ground Armor Level 3  
  163  12:43  Adaptive Talons  
  163  12:49  Hydralisk x4  
  163  12:50  Hydralisk  
  173  12:57  Drone x3  
  173  12:58  Spine Crawler x2  
  173  13:00  Spore Crawler  
  171  13:11  Roach x5  
  171  13:12  Roach x9  
  199  13:19  Roach x2  
  199  13:27  Hydralisk Den  
  198  13:35  Ravager x2  
  198  13:39  Spore Crawler  
  198  13:40  Spore Crawler  
  196  13:48  Seismic Spines  
  196  13:50  Roach x2  
  198  14:12  Muscular Augments  
  198  14:16  Lurker x2  
  199  14:30  Drone  
  199  14:31  Drone x8  
  194  14:47  Viper x2  
  190  15:04  Hydralisk  
  190  15:05  Hydralisk x11  
  175  15:12  Lurker x2  
  177  15:23  Grooved Spines  
  177  15:27  Hatchery  
  174  15:29  Extractor x2  
  174  15:32  Roach x7  
  174  15:33  Roach x7  
  174  15:54  Drone  
  174  15:55  Drone x10  
  178  16:02  Hatchery, Lurker Den  
  176  16:09  Hatchery  
  175  16:17  Extractor  
  175  16:18  Drone x2  
  174  16:24  Overseer  
  174  16:25  Drone  
  174  16:28  Drone x2  
  174  16:29  Drone x2  
  175  16:33  Overlord  
  175  16:35  Hydralisk  
  175  16:45  Hydralisk x4  
  183  16:52  Hatchery  
  180  16:57  Spore Crawler  
  180  16:58  Spore Crawler  
  180  17:00  Drone x6, Extractor  
  183  17:04  Drone x2  
  191  17:08  Lurker x7  
  191  17:10  Drone  
  191  17:13  Drone x3  
  196  17:16  Lurker x4  
  196  17:17  Overseer x2  
  169  17:45  Roach x16  
  170  17:59  Roach  
  170  18:00  Roach x3  
  172  18:05  Roach  
  154  18:17  Drone x6  
  154  18:18  Drone  
  155  18:26  Hydralisk  
  139  18:45  Drone  
  139  18:46  Drone x6  
  144  18:51  Hydralisk x4  
  144  18:53  Queen  
  144  18:54  Queen x3  
  160  18:58  Hydralisk, Hatchery, Extractor  
  160  19:00  Lurker x4  
  164  19:05  Hydralisk x3  
  170  19:17  Drone x3  
  170  19:20  Lurker x2  
  170  19:23  Hydralisk  
  170  19:24  Hydralisk x4  
  175  19:31  Hydralisk  
  182  19:35  Viper x3  
  137  19:49  Hydralisk x4  
  140  20:08  Hydralisk x2  
  140  20:09  Hydralisk x4  
  139  20:19  Lurker x4  
  143  20:29  Hydralisk  
  143  20:30  Hydralisk  
  143  20:39  Hydralisk x2  

Tags
 
Add a new tag
Caveats
  • Supply blocks, unpowered buildings, or Contaminate may cause inaccurate times.
  • Supply counts are checked every 10 seconds.